 Dungeon Crawl Stone Soup version 0.23-a0-319-gb40ba49 (webtiles) character file.

126891 RoseArtemis the Warrior (level 16, 0/211 HPs)
             Began as a Merfolk Gladiator on Oct 14, 2018.
             Was the Champion of the Shining One.
             Slain by a black mamba (10 damage)
             ... on level 3 of the Snake Pit.
             The game lasted 02:12:00 (39660 turns).

RoseArtemis the Warrior (Merfolk Gladiator)        Turns: 39660, Time: 02:12:00

Health: 0/211      AC: 28    Str: 21    XL:     16   Next: 99%
Magic:  25/25      EV:  2    Int:  8    God:    the Shining One [******]
Gold:   322        SH:  0    Dex: 15    Spells: 15/15 levels left

rFire    . . .     SeeInvis .   r - +2 glaive (freeze)
rCold    . . .     Gourm    .   (shield currently unavailable)
rNeg     + + +     Faith    .   (armour currently unavailable)
rPois    +         Spirit   .   (helmet currently unavailable)
rElec    .         Reflect  .   (cloak currently unavailable)
rCorr    .         Harm     .   (gloves currently unavailable)
MR       ++...     NoTele   +   (boots currently unavailable)
Stlth    +.........             (no amulet)
HPRegen  0.45/turn              v - ring of protection from magic
MPRegen  0.19/turn              j - ring of poison resistance

@: tree-form, glowing, studying Charms
A: (change form in water), (swift swim), (stealthy swim)
a: Divine Shield, Cleansing Flame, Summon Divine Warrior, Brand Weapon With Holy
Wrath, Renounce Religion


You were on level 3 of the Snake Pit.
You worshipped the Shining One.
The Shining One was exalted by your worship.
You were not hungry.
You were a tree.
You visited 5 branches of the dungeon, and saw 27 of its levels.
You also visited: Sewer and Ice Cave.

You collected 2714 gold pieces.
You spent 2392 gold pieces at shops.

Inventory:

Hand Weapons
 a - a +4 halberd of protection
 b - a +0 antimagic halberd
 c - a +0 trident of protection
 r - a +2 glaive of freezing (weapon)
Missiles
 d - 6 throwing nets (quivered)
Armour
 e - a +1 crystal plate armour
 C - a +0 cloak (melded)
 D - the +4 ring mail "Xemny" (melded) {rElec rC+ Dex+3 Slay+2}
   (You found it on level 6 of the Lair of Beasts)

   It affects your dexterity (+3).
   It affects your accuracy and damage with ranged weapons and melee attacks
   (+2).
   It protects you from cold.
   It insulates you from electricity.
 O - a +0 pair of gloves (melded)
 P - the +0 pair of boots "Ziopeghe" (melded) {rF+}
   (You acquired it on level 7 of the Dungeon)

   It protects you from fire.
 Y - a +0 helmet (melded)
Jewellery
 j - a ring of poison resistance (right branch)
 u - an uncursed ring of resist corrosion
 v - a ring of protection from magic (left branch)
 K - an uncursed ring of protection from magic
Wands
 q - a wand of iceblast (26)
 t - a wand of polymorph (14)
 R - a wand of acid (11)
 S - a wand of digging (35)
 U - a wand of paralysis (20)
Scrolls
 i - 4 scrolls of enchant weapon
 k - 8 scrolls of fog
 m - 7 scrolls of magic mapping
 o - a scroll of fear {unknown}
 w - 5 scrolls of teleportation
 x - a scroll of vulnerability {unknown}
 y - 5 scrolls of blinking
 G - 2 scrolls of enchant armour
 I - a scroll of silence {unknown}
 N - 11 scrolls of remove curse
 Q - a scroll of holy word
 T - a scroll of random uselessness {unknown}
 W - a scroll of brand weapon {unknown}
Potions
 h - 4 potions of curing
 l - 9 potions of brilliance
 n - 4 potions of cancellation
 s - 2 potions of resistance
 z - 4 potions of mutation
 A - a potion of might
 B - 2 potions of lignification
 F - 5 potions of magic
 H - 2 potions of flight
 M - 3 potions of ambrosia
 X - a potion of agility
Books
 E - a manual of Charms
Miscellaneous
 V - a lightning rod (4/4)
Comestibles
 f - 34 rations


   Skills:
 + Level 17.3 Fighting
 - Level 17.0 Polearms
 - Level 3.0 Throwing
 + Level 11.1 Armour
 * Level 14.2 Dodging
   Level 6.6 Shields
 - Level 12.0 Invocations


You had 15 spell levels left.
You didn't know any spells.
Your spell library contained the following spells:

 Spells                   Type           Power        Failure   Level  Hunger
 Sting                    Conj/Pois      #...         41%         1    ##.....
 Blink                    Tloc           N/A          54%         2    ###....
 Poisonous Vapours        Pois/Air       #.....       54%         2    ###....
 Shroud of Golubria       Chrm/Tloc      #.........   54%         2    ###....
 Conjure Flame            Conj/Fire      #.......     78%         3    ####...
 Gell's Gravitas          Tloc           #.........   78%         3    ####...
 Lesser Beckoning         Tloc           #.........   78%         3    ####...
 Mephitic Cloud           Conj/Pois/Air  #.......     78%         3    ####...
 Teleport Other           Tloc           #.......     78%         3    ####...
 Olgreb's Toxic Radiance  Pois           #.......     99%         4    #####..
 Passage of Golubria      Tloc           N/A          99%         4    #####..
 Venom Bolt               Conj/Pois      #.........   100%        5    ######.
 Freezing Cloud           Conj/Ice/Air   #.........   100%        6    #######
 Ring of Flames           Chrm/Fire      #.........   100%        7    #######


Dungeon Overview and Level Annotations

Branches:
Dungeon (15/15)            Temple (1/1) D:7            Lair (6/6) D:8
 Shoals (0/4) Lair:4        Snake (3/4) Lair:2        Slime (0/5) Lair:5
    Orc (2/2) D:11            Elf (0/3) Orc:2        Vaults (0/5) D:14
 Depths (0/5) D:15

Altars:
Ashenzari
Cheibriados
Dithmenos
Elyvilon
Fedhas
Gozag
Hepliaklqana
Kikubaaqudgha
Makhleb
Nemelex Xobeh
Okawaru
Qazlal
Ru
Sif Muna
Trog
Uskayaw
Vehumet
Wu Jian
Xom
Yredelemnul
Zin
The Shining One
Beogh

Shops:
D:5 *   D:8 !   D:10 ?   Orc:2 *=**

Annotations:
D:4 Grinder
D:15 1 runed door
Lair:1 Gastronok
Lair:3 3 runed doors, namelastname112's ghost, journeyman DrWn


Message History

The black mamba bites you but does no damage. x2
You slice the black mamba!!
The black mamba seems to slow down.
You freeze the black mamba.
The black mamba bites you but does no damage. x3
You hit the black mamba.
The black mamba seems to slow down.
You freeze the black mamba. The black mamba barely misses you.
The black mamba bites you.
* * * LOW HITPOINT WARNING * * *
You hit the black mamba.
The black mamba seems to slow down.
You freeze the black mamba. The black mamba bites you.
* * * LOW HITPOINT WARNING * * *
The black mamba bites you but does no damage.
You hit the black mamba. You freeze the black mamba.
You kill the black mamba!
The black mamba bites you but does no damage.
You closely miss the black mamba.
The black mamba bites you but does no damage.
You hit the black mamba but do no damage.
The black mamba bites you!
You die...

#............ #.....#
##..††# #....## #....#
#....# ##...# #..S†#
#...... ##..♣+ #...)..
#...# #...... ##..#
+...... ##..# ##......
###...#########.......
#.....................
#.....................
#.....................
###...................


You could see a black mamba.

Vanquished Creatures
  An Ice Fiend (IceCv)
  Kirke (Snake:1)
  2 nagarajas (Snake:2)
  Azrael (Orc:2)
  A dire elephant (D:14)
  An ettin (D:11)
  7 hydras
  An ogre mage (D:15)
  4 naga warriors
  A catoblepas (Lair:6)
  5 vault guards (D:14)
  2 ice dragons
  5 centaur warriors
  4 anacondas
  7 two-headed ogres
  10 death yaks
  A naga sharpshooter (Snake:2)
  A death knight (D:14)
  5 shock serpents
  4 salamander mystics
  3 unseen horrors
  2 naga ritualists
  2 lindwurms (Lair:6)
  3 orc knights
  3 mana vipers (Snake:1)
  2 ugly things
  The ghost of Tovarisch the Changer, a novice VSTm of Sif Muna (D:7)
  An orc sorcerer (Orc:1)
  5 manticores
  2 deep elf magi
  9 salamanders
  3 cyclopes
  A centaur zombie (D:15)
  A guardian serpent (Lair:2)
  10 elephants (Lair:5)
  16 black mambas
  5 torpor snails (Lair:6)
  A gargoyle (D:13)
  6 naga magi
  2 ice statues (IceCv)
  7 spiny frogs
  2 centaur skeletons (D:15)
  3 komodo dragons
  12 ice devils (IceCv)
  2 rime drakes (Lair:6)
  10 polar bears (Lair:6)
  A freezing wraith (D:14)
  A merfolk (Lair:4)
  A tengu conjurer (D:14)
  7 trolls
  4 raiju (Lair:6)
  7 hornets
  3 tyrant leeches (Lair:6)
  2 dream sheep (Lair:3)
  14 blink frogs
  8 hippogriffs
  7 slime creatures
  Sigmund (D:3)
  A centaur simulacrum (D:15)
  4 wyverns
  2 wraiths (D:11)
  2 spriggans
  2 vampires
  2 fire elementals (Orc:2)
  6 hogs (Snake:1)
  51 yaks
  A basilisk (D:8)
  4 vampire mosquitoes (D:13)
  A hungry ghost (D:13)
  19 nagas
  Edmund (D:6)
  4 wargs (Lair:6)
  9 water moccasins
  An acid dragon (D:14)
  7 porcupines
  15 hell hounds
  35 orc warriors
  17 black bears
  5 ice beasts
  2 eyes of draining
  5 sky beasts
  10 ogres
  2 phantoms
  20 wolves
  17 centaurs
  11 crocodiles
  4 big kobolds (Sewer)
  12 bullfrogs
  7 scorpions
  9 killer bees
  2 electric eels (Lair:4)
  4 wights (D:7)
  4 howler monkeys
  7 crimson imps
  3 bullfrog zombies (D:11)
  15 orc priests
  9 hounds
  4 jellies
  28 orc wizards
  2 bullfrog skeletons
  Terence (D:2)
  6 iguanas
  5 worker ants
  2 hound skeletons
  3 worker ant zombies
  Robin (D:3)
  A river rat (Sewer)
  17 adders
  4 shadow imps
  8 white imps (IceCv)
  6 ufetubi (IceCv)
  2 oozes
  3 adder skeletons
  3 worms (Sewer)
  3 dart slugs
  9 leopard geckos
  74 orcs
  9 giant cockroaches
  15 goblins
  14 hobgoblins
  15 jackals
  16 kobolds
  8 quokkas
  5 ball pythons
  8 bats
  2 frilled lizards
  9 rats
  A butterfly (D:5)
  A plant (Lair:6)
851 creatures vanquished.

Vanquished Creatures (collateral kills)
  An Ice Fiend (IceCv)
  3 vault guards (D:14)
  An ice devil (IceCv)
  A white imp (IceCv)
6 creatures vanquished.

Vanquished Creatures (others)
  3 white imps (IceCv)
  An orc (Orc:2)
  4 fungi
  23 plants
31 creatures vanquished.

Grand Total: 888 creatures vanquished

Notes
Turn   | Place    | Note
-------+----------+-------------------------------------------
     0 | D:1      | RoseArtemis the Merfolk Gladiator began the quest for the
                  | Orb.
     0 | D:1      | Reached XP level 1. HP: 16/16 MP: 1/1
   220 | D:1      | Reached XP level 2. HP: 23/23 MP: 2/2
   784 | D:1      | Reached XP level 3. HP: 28/28 MP: 3/3
   937 | D:2      | Reached skill level 5 in Polearms
  1110 | D:2      | Reached XP level 4. HP: 29/35 MP: 4/4
  1111 | D:2      | Found a faded altar of an unknown god.
  1434 | D:2      | Noticed Terence
  1449 | D:2      | Killed Terence
  1449 | D:2      | Reached skill level 5 in Dodging
  1449 | D:2      | Reached XP level 5. HP: 38/41 MP: 5/5
  2367 | D:3      | Noticed Sigmund
  2390 | D:3      | Killed Sigmund
  2390 | D:3      | Reached XP level 6. HP: 23/48 MP: 6/6
  2469 | D:3      | Noticed Robin
  2489 | D:3      | Killed Robin
  2708 | D:3      | Found a sacrificial altar of Ru.
  2712 | D:3      | Found a basalt altar of Yredelemnul.
  2719 | D:3      | Found a hide-covered altar of Uskayaw.
  2727 | D:3      | Found a stormy altar of Qazlal.
  2740 | D:3      | Found a glowing golden altar of the Shining One.
  2748 | D:3      | Became a worshipper of the Shining One
  2792 | D:4      | Noticed Grinder
  3327 | D:4      | Got a brightly glowing leather armour
  3376 | D:4      | Reached XP level 7. HP: 37/54 MP: 7/7
  3400 | D:4      | Identified the +3 leather armour "Sinuxkasa" {rElec Slay+2
                  | Stlth+} (You found it on level 4 of the Dungeon)
  3930 | D:4      | Reached skill level 1 in Shields
  4076 | D:4      | Paralysed by Grinder for 5 turns
  4357 | D:4      | Paralysed by Grinder for 4 turns
  4372 | D:4      | Paralysed by Grinder for 7 turns
  4414 | D:5      | Entered Level 5 of the Dungeon
  4414 | D:5      | Found Naretul's General Store.
  4419 | D:5      | Bought a scroll of teleportation for 30 gold pieces
  4419 | D:5      | Bought a scroll of identify for 20 gold pieces
  4419 | D:5      | Bought a +0 cloak for 45 gold pieces
  4472 | D:5      | Found a shimmering altar of Xom.
  4482 | D:5      | Reached skill level 1 in Armour
  4762 | D:5      | Found a glowing drain.
  4775 | Sewer    | Entered a sewer
  4949 | Sewer    | Reached skill level 5 in Fighting
  4949 | Sewer    | Reached XP level 8. HP: 62/62 MP: 8/8
  5033 | Sewer    | Reached * piety under the Shining One
  5223 | D:5      | Found an iron altar of Okawaru.
  5311 | D:6      | Reached skill level 10 in Polearms
  5349 | D:6      | Noticed Edmund
  5382 | D:6      | Killed Edmund
  5858 | D:6      | Reached XP level 9. HP: 62/69 MP: 9/9
  6151 | D:7      | Reached ** piety under the Shining One
  6370 | D:7      | Found a staircase to the Ecumenical Temple.
  6380 | Temple   | Entered the Ecumenical Temple
  7233 | D:7      | Noticed Tovarisch's ghost (novice VSTm)
  7238 | D:7      | Found a runed door.
  7267 | D:7      | Killed Tovarisch's ghost
  7280 | D:7      | Identified 4 scrolls of acquirement
  7301 | D:7      | Got a pair of warped boots
  7312 | D:7      | Identified the +0 pair of boots "Ziopeghe" {rF+} (You
                  | acquired it on level 7 of the Dungeon)
  7563 | D:7      | Found a snail-covered altar of Cheibriados.
  7621 | D:7      | Found an iron altar of Okawaru.
  7622 | D:7      | Found a bloodstained altar of Trog.
  7837 | D:8      | Found Jesosoc's Distillery.
  7843 | D:8      | Bought a potion of curing for 42 gold pieces
  7843 | D:8      | Bought a potion of curing for 42 gold pieces
  7843 | D:8      | Bought 2 potions of heal wounds for 140 gold pieces
  7859 | D:8      | Reached XP level 10. HP: 76/79 MP: 10/10
  7899 | D:8      | Reached skill level 1 in Invocations
  7929 | D:8      | Noticed a two-headed ogre
  7947 | D:8      | Killed a two-headed ogre
  8099 | D:8      | Found a staircase to the Lair.
  9167 | D:9      | Reached *** piety under the Shining One
  9205 | D:9      | Found a shimmering altar of Xom.
  9235 | D:9      | Reached skill level 5 in Armour
  9443 | D:9      | Reached skill level 15 in Polearms
  9443 | D:9      | Reached XP level 11. HP: 87/87 MP: 5/13
  9789 | D:10     | Entered Level 10 of the Dungeon
  9799 | D:10     | Noticed a two-headed ogre
  9812 | D:10     | Killed a two-headed ogre
 10161 | D:10     | Found Dukk's Magic Scroll Boutique.
 10169 | D:10     | Bought a scroll of remove curse for 42 gold pieces
 10759 | D:11     | Found an opulent altar of Gozag.
 11350 | D:11     | Noticed an unseen horror
 11358 | D:11     | Killed an unseen horror
 11389 | D:11     | Reached **** piety under the Shining One
 11509 | D:11     | Found a staircase to the Orcish Mines.
 11743 | Lair:1   | Entered Level 1 of the Lair of Beasts
 12068 | Lair:1   | Reached skill level 10 in Fighting
 12068 | Lair:1   | Reached skill level 5 in Invocations
 12196 | Lair:1   | Noticed Gastronok
 12615 | Lair:1   | Reached XP level 12. HP: 88/100 MP: 15/15
 14207 | Lair:2   | Found a staircase to the Snake Pit.
 15017 | Lair:3   | Found a runed gate.
 15022 | Lair:3   | Noticed namelastname112's ghost (journeyman DrWn)
 15022 | Lair:3   | Noticed a 13-headed hydra
 15022 | Lair:3   | Noticed a 13-headed hydra
 15023 | Lair:3   | Found a runed gate.
 15023 | Lair:3   | Found a runed gate.
 16414 | Lair:4   | Noticed a six-headed hydra
 16415 | Lair:4   | Noticed a death yak
 16431 | Lair:3   | Killed a six-headed hydra
 16431 | Lair:3   | Reached skill level 5 in Shields
 16670 | Lair:4   | Noticed a death yak
 16670 | Lair:4   | Noticed a death yak
 16673 | Lair:4   | Noticed a death yak
 16682 | Lair:3   | Killed a death yak
 16815 | Lair:4   | Noticed a four-headed hydra
 16825 | Lair:4   | Killed a four-headed hydra
 16825 | Lair:4   | Reached XP level 13. HP: 69/111 MP: 17/17
 17194 | Lair:4   | Learned a level 4 spell: Olgreb's Toxic Radiance
 17297 | Lair:4   | Found a staircase to the Shoals.
 18107 | Lair:5   | Found a staircase to the Slime Pits.
 19605 | Lair:6   | Entered Level 6 of the Lair of Beasts
 20981 | Lair:6   | Reached XP level 14. HP: 97/121 MP: 20/20
 21305 | Lair:6   | Found a runed door.
 21402 | Lair:6   | Reached ***** piety under the Shining One
 21432 | Lair:6   | Paralysed by a hornet for 2 turns
 22549 | Lair:6   | Reached skill level 10 in Dodging
 22688 | Lair:6   | Reached skill level 15 in Fighting
 22989 | Lair:6   | Identified the +4 ring mail "Xemny" {rElec rC+ Dex+3
                  | Slay+2} (You found it on level 6 of the Lair of Beasts)
 23411 | D:9      | Reached skill level 10 in Invocations
 23450 | D:10     | Bought a scroll of teleportation for 42 gold pieces
 23450 | D:10     | Bought a scroll of magic mapping for 49 gold pieces
 23450 | D:10     | Bought a scroll of teleportation for 42 gold pieces
 23450 | D:10     | Bought a scroll of acquirement for 728 gold pieces
 23450 | D:10     | Bought a scroll of enchant weapon for 105 gold pieces
 23822 | D:12     | Found an ancient bone altar of Kikubaaqudgha.
 24931 | D:13     | Reached ****** piety under the Shining One
 25659 | D:14     | Reached XP level 15. HP: 113/129 MP: 19/22
 25696 | D:14     | Got a scorched chain mail
 25779 | D:14     | Identified the +6 chain mail of New Discoveries {-Cast +Inv
                  | rCorr Str+3 Int+3} (You found it on level 14 of the
                  | Dungeon)
 26333 | D:14     | Found a gate to the Vaults.
 26989 | D:15     | Entered Level 15 of the Dungeon
 27899 | D:15     | Found a staircase to the Depths.
 28077 | D:15     | Found a glowing silver altar of Zin.
 28078 | D:15     | Found a runed door.
 28079 | D:15     | Noticed an angel
 29336 | Orc:1    | Entered Level 1 of the Orcish Mines
 30108 | D:5      | Bought a wand of digging (20) for 480 gold pieces
 30155 | D:8      | Bought a potion of heal wounds for 70 gold pieces
 30283 | Orc:2    | Entered Level 2 of the Orcish Mines
 31064 | Orc:2    | Found a staircase to the Elven Halls.
 31073 | Orc:2    | Found a roughly hewn altar of Beogh.
 31218 | Orc:2    | Noticed Azrael
 31968 | Orc:2    | Reached skill level 10 in Armour
 31994 | Orc:2    | Killed Azrael
 32191 | Orc:2    | Reached XP level 16. HP: 130/139 MP: 25/25
 32443 | Orc:2    | Found Lauloif's General Store.
 32443 | Orc:2    | Found Qohorchehie's Jewellery Emporium.
 32443 | Orc:2    | Found Soirieng's Assorted Antiques.
 32446 | Orc:2    | Found Dietaihi's Assorted Antiques.
 32454 | Orc:2    | Bought a scroll of teleportation for 84 gold pieces
 32454 | Orc:2    | Bought a scroll of identify for 56 gold pieces
 32456 | Orc:2    | Bought a scroll of identify for 20 gold pieces
 32456 | Orc:2    | Bought a scroll of holy word for 75 gold pieces
 32546 | Orc:2    | Bought an uncursed ring of poison resistance for 280 gold
                  | pieces
 32728 | Snake:1  | Entered Level 1 of the Snake Pit
 33225 | Snake:1  | Noticed Kirke
 33234 | Snake:1  | Killed Kirke
 33808 | Snake:2  | Noticed a nagaraja
 33824 | Snake:2  | Killed a nagaraja
 33982 | Snake:2  | Noticed a nagaraja
 34009 | Snake:2  | Killed a nagaraja
 34093 | Snake:2  | Found a frozen archway.
 34181 | IceCv    | Entered an ice cave
 34842 | IceCv    | Noticed an Ice Fiend
 34843 | IceCv    | Noticed an Ice Fiend
 35223 | IceCv    | Killed an Ice Fiend
 35559 | IceCv    | Killed an Ice Fiend
 39656 | Snake:3  | HP: 10/211 [black mamba (5)]
 39660 | Snake:3  | Slain by a black mamba

Vault maps used:
D:1:      onia_arrival_pentagram, minmay_vboxes
D:2:      chequers_ecumenical_altar_simple_redux, item_on_display_a,
          uniq_terence
D:3:      minmay_overflow_temple_star_hex, wad_floor_pattern_untrapped,
          uniq_sigmund, uniq_robin
D:4:      uniq_grinder
D:5:      xom_butterflies, first_ration, serial_shops, shop,
          gup_sewer_entry_pipe, hangedman_abyss_or_decor_stabs,
          okawaru_gym_becter
D:6:      uniq_edmund
D:7:      grunt_temple_overflow_bloody_war, lemuel_crystal_altar, temple_green,
          hellmonk_ghost_happy_afterlife
D:8:      minmay_lair_entry_grove, serial_shops, nicolae_shop_statue_plus
D:9:      basic_altar
D:10:     serial_shops, shop
D:11:     hiddenorc1_lemuel, the_bakery, grunt_gozag_breadcrumbs
D:12:     basic_altar
D:13:     kennysheep_generic_room_16
D:14:     minmay_ambush_box, erik_vaults_2, abandoned_shop
D:15:     hangedman_depths_entry_try_elsewhere_first, minmay_stone_trees_small,
          serial_co_window_serial, co_window_paths_b, co_window_corner_a,
          co_window_paths_b, co_window_paths_a, co_window_corner_a,
          co_window_paths_a, co_window_paths_b, co_window_paths_a,
          co_window_corner_a, co_window_of_opportunity_b, co_window_corner_b,
          co_window_unsneaky_path_d, glass_columns_a, glass_columns_a,
          glass_columns_b, glass_columns_b, glass_columns_a, st_stairs_7,
          lemuel_angel_altar
Temple:   nicolae_temple_figure_eight
Lair:1:   serial_bayou_shore_a, grunt_megastairs_1, uniq_gastronok
Lair:2:   minmay_snake_entry_spellcaster
Lair:3:   gammafunk_ghost_hydra_chop, grunt_forest_large_clearing_hut,
          grunt_megastairs_2
Lair:4:   elwin_shoals_entry_rooms, infiniplex_staircase_pool
Lair:5:   beast_lair_carwin_large_3, slime_dummy
Lair:6:   hangedman_lair_caniforms_friends, wormcave,
          chequers_serial_rivers_micro_b
Snake:1:  nicolae_snake_single_loop, uniq_kirke
Snake:2:  portal_ice_cave_entry_dragon, st_stairs_14
Snake:3:  serial_shops, shop, nicolae_shop_stone, nicolae_snake_shapes
Orc:2:    st_orc_rangers, mines1_david, uniq_azrael
Sewer:    sewer_co_15_rooms
IceCv:    ice_cave_small_demon

Skill      XL: |  1  2  3  4  5  6  7  8  9 10 11 12 13 14 15 16 |
---------------+-------------------------------------------------+-----
Polearms       | 5 7 9 10 13 15 16 17 | 17.0
Fighting       | 3 4 5 6 7 8 11 13 14 15 16 17 | 17.3
Dodging        | 5 6 9 11 14 | 14.2
Throwing       | 3 |  3.0
Shields        | 2 3 4 5 6 |  6.6
Armour         | 1 2 4 5 6 7 8 10 11 | 11.1
Invocations    | 3 5 6 8 10 12 | 12.0

Action                   |  1- 3 |  4- 6 |  7- 9 | 10-12 | 13-15 | 16-18 || total
-------------------------+-------+-------+-------+-------+-------+-------++-------
Melee: Trident           |   115 |   241 |   389 |    24 |   312 |       ||  1081
       Tailslap          |       |       |     6 |       |     2 |       ||     8
       Halberd           |       |       |    11 |   574 |  1289 |   246 ||  2120
       Glaive            |       |       |       |       |       |   239 ||   239
 Fire: Blowgun           |       |       |     2 |       |     2 |       ||     4
Invok: Divine Shield     |       |       |       |       |     5 |       ||     5
       Summon Divine War |       |       |       |       |     1 |     2 ||     3
Evoke: Wand              |       |       |       |       |       |     2 ||     2
  Use: Scroll            |       |     7 |     9 |     7 |    12 |     7 ||    42
       Potion            |       |     1 |     8 |     3 |     3 |     5 ||    20
 Stab: Sleeping          |     3 |       |       |       |       |       ||     3
  Eat: Chunk             |     1 |     7 |    11 |    26 |    35 |     6 ||    86
       Ration            |       |       |     1 |     1 |     4 |     6 ||    12
Armor: Leather armour    |    32 |    17 |    68 |    98 |   196 |       ||   411
       Scale mail        |       |    49 |     1 |    17 |       |       ||    67
       Skin              |       |       |       |    30 |       |    11 ||    41
       Ring mail         |       |       |       |       |   293 |   144 ||   437
Dodge: Dodged            |    77 |   136 |   200 |   237 |  1067 |   406 ||  2123
Block: Buckler           |       |    10 |    57 |       |       |       ||    67
       Other             |       |       |       |       |    22 |       ||    22
       Large shield      |       |       |       |       |   175 |       ||   175

Table legend:
 A = Non-vault XP
 B = Vault XP
 C = Vault XP percentage of total XP
 D = Non-vault monster count
 E = Vault monster count
 F = Vault count percentage of total count
                 A         B        C        D         E       F
            +---------+---------+-------+---------+---------+-------
      Total |  113521 |   67752 |  37.4 |     578 |     278 |  32.5
            +---------+---------+-------+---------+---------+-------
        D:1 |      32 |       6 |  15.8 |      13 |       4 |  23.5
        D:2 |      98 |      36 |  26.9 |      32 |       1 |   3.0
        D:3 |      63 |     265 |  80.8 |      23 |      13 |  36.1
        D:4 |     376 |       0 |   0.0 |      18 |       0 |   0.0
        D:5 |     392 |      13 |   3.2 |      15 |       5 |  25.0
        D:6 |     715 |     158 |  18.1 |      23 |       1 |   4.2
        D:7 |    1171 |     601 |  33.9 |      17 |       2 |  10.5
        D:8 |     952 |    2409 |  71.7 |      18 |      13 |  41.9
        D:9 |    1874 |       0 |   0.0 |      21 |       0 |   0.0
       D:10 |    1558 |       0 |   0.0 |      13 |       0 |   0.0
       D:11 |    4221 |     422 |   9.1 |      28 |      17 |  37.8
       D:12 |    3551 |       0 |   0.0 |      27 |       0 |   0.0
       D:13 |    4859 |    3231 |  39.9 |      39 |       7 |  15.2
       D:14 |    8267 |   11501 |  58.2 |      25 |      15 |  37.5
       D:15 |   10740 |     684 |   6.0 |      27 |       2 |   6.9
     Temple |     188 |       0 |   0.0 |       3 |       0 |   0.0
     Lair:1 |    5985 |     101 |   1.7 |      28 |       1 |   3.4
     Lair:2 |    3926 |     470 |  10.7 |      20 |       1 |   4.8
     Lair:3 |    5258 |    1745 |  24.9 |      20 |       6 |  23.1
     Lair:4 |    5097 |     305 |   5.6 |      11 |       1 |   8.3
     Lair:5 |    5629 |    4796 |  46.0 |      17 |      10 |  37.0
     Lair:6 |    7465 |   18057 |  70.8 |      18 |      73 |  80.2
    Snake:1 |   10796 |    3182 |  22.8 |      23 |       7 |  23.3
    Snake:2 |   17524 |    2783 |  13.7 |      33 |       2 |   5.7
    Snake:3 |    8539 |       0 |   0.0 |      15 |       0 |   0.0
      Orc:1 |    2236 |       0 |   0.0 |      20 |       0 |   0.0
      Orc:2 |    2009 |    7086 |  77.9 |      31 |      45 |  59.2
      Sewer |       0 |     467 | 100.0 |       0 |      20 | 100.0
      IceCv |       0 |    9434 | 100.0 |       0 |      32 | 100.0
            +---------+---------+-------+---------+---------+-------
